 Dungeon Crawl Stone Soup version 0.31-a0-358-gac0dbeb3ab (webtiles) character file.

Game seed: 8339027570095459600

41 randomguy2701 the Chopper (level 3, 0/33 HPs)
             Began as a Hill Orc Monk on July 25, 2023.
             Slain by Robin
             ... wielding a +2 whip of electrocution
              (2 damage)
             ... on level 2 of the Dungeon.
             The game lasted 00:01:11 (723 turns).

randomguy2701 the Chopper (Hill Orc Monk)            Turns: 723, Time: 00:01:11

Health: 0/33       AC:  2    Str: 15    XL:     3   Next: 52%
Magic:  3/3        EV: 12    Int: 10    God:
Gold:   65         SH:  0    Dex: 13    Spells: 2/2 levels left

rFire   . . .        a - +0 hand axe
rCold   . . .        d - orb {light}
rNeg    . . .        b - +0 robe
rPois   .            (no helmet)
rElec   .            (no cloak)
rCorr   .            (no gloves)
SInv    .            (no boots)
Will    .....        (no amulet)
Stlth   +            (no ring)
HPRegen 0.25/turn    (no ring)
MPRegen 0.08/turn

%: no passive effects
@: glowing
A: no striking features
a: no special abilities


You were on level 2 of the Dungeon.
You visited 1 branch of the dungeon, and saw 2 of its levels.

You collected 65 gold pieces.

Inventory:

Hand Weapons
 a - a +0 hand axe (weapon)
Armour
 b - a +0 robe (worn)
 d - an orb of light (worn)
Scrolls
 e - a scroll of noise {unknown}
 f - 3 scrolls of identify {unknown}
 h - a scroll of fog {unknown}
 i - a scroll of torment {unknown}
 l - a scroll of enchant weapon {unknown}
Potions
 c - a potion of ambrosia
 g - a potion of brilliance {unknown}
 j - 2 potions of heal wounds {unknown}
 k - a potion of mutation {unknown}
 m - a potion of curing {unknown}
 n - a potion of invisibility {unknown}


   Skills:
 + Level 4.1 Fighting
 + Level 4.7 Axes
 * Level 1.1 Armour
 + Level 2.7 Dodging


You had 2 spell levels left.
You didn't know any spells.
Your spell library was empty.

Dungeon Overview and Level Annotations

Branches:
Dungeon (2/15)

Altars:

Annotations:
D:2 Robin


Message History

The goblin no longer looks unusually strong.
The goblin hits you but does no damage.
You hit the goblin but do no damage. The goblin completely misses you.
The goblin hits you but does no damage.
You slash the goblin!
You kill the goblin!
Robin roars a battlecry!
The goblin goes into a battle-frenzy!
You barely miss the goblin. The goblin hits you with a +0 club.
You hit the goblin.
You kill the goblin!
Robin throws the goblin at you! The goblin hits you but does no damage.
You hit the goblin.
The goblin is heavily wounded.
You hit the goblin. The goblin closely misses you.
The goblin hits you with a +0 dagger.
* * * LOW HITPOINT WARNING * * *
You hit the goblin.
You kill the goblin!
You hit the goblin.
You kill the goblin!
You hit Robin but do no damage.
Robin roars a battlecry!
You hit Robin.
Robin is lightly wounded.
Robin misses you.
You hit Robin.
Robin is moderately wounded.
Robin hits you with a +2 whip of electrocution!
* * * LOW HITPOINT WARNING * * *
You hit Robin but do no damage.
Robin is moderately wounded.
Robin hits you but does no damage.
You hit Robin but do no damage.
Robin is moderately wounded.
Robin hits you with a +2 whip of electrocution.
* * * LOW HITPOINT WARNING * * *
Robin attacks as you move away!
Robin hits you with a +2 whip of electrocution.
You die...

###########
#.......<.#
#.#########
#.# #)# #@#
#g#


#gr ###. .. .. ... ... You could see Robin, a hobgoblin (strong) and a rat.

Vanquished Creatures
  A dart slug (D:1)
  3 bats (D:1)
  2 endoplasms (D:1)
  8 goblins
  A hobgoblin (D:2)
  2 jackals (D:1)
  9 kobolds (D:1)
  A quokka (D:2)
  4 ball pythons (D:1)
  3 frilled lizards (D:1)
  3 rats (D:1)
37 creatures vanquished.

Notes
Turn   | Place    | Note
-------+----------+-------------------------------------------
     0 | D:1      | randomguy2701 the Hill Orc Monk began the quest for the
                  | Orb.
     0 | D:1      | Reached XP level 1. HP: 19/19 MP: 1/1
   148 | D:1      | Reached XP level 2. HP: 27/27 MP: 2/2
   326 | D:1      | Reached XP level 3. HP: 24/33 MP: 3/3
   416 | D:1      | Reached skill level 1 in Armour
   504 | D:1      | Found a faded altar of an unknown god.
   694 | D:2      | Noticed Robin
   723 | D:2      | Slain by Robin

Illustrated notes

Levels and vault maps discovered:
D:1:      mushboom_english_gardens, layout_basic,
          shapermc_ecumenical_altar_mp_vishouse, minmay_pentomino_z2
D:2:      layout_basic, basic_altar, uniq_robin, uniq_jessica

Skill      XL: |  1  2  3 |
---------------+----------+-----
Fighting       | 4 |  4.1
Armour         | 1 |  1.1
Axes           | |  4.7
Dodging        | |  2.7

Action                     || total
---------------------------++-------
  Melee: Hand axe          ||    95
 Armour: Robe              ||    26
  Dodge: Dodged            ||    46

Table legend: (Time is in decaauts)
 A = Elapsed time spent in this place.
 B = Non-inter-level travel time spent in this place.
 C = Inter-level travel time spent in this place.
 D = Time resting spent in this place.
 E = Time spent auto-exploring this place.
 F = Levels seen in this place.
 G = Mean time per level.
                   A        B        C        D        E       F      G
               +--------+--------+--------+--------+--------+-----+--------+
         Total |    730 |    727 |      3 |      0 |    548 |   2 |  365.0 |
       Dungeon |    730 |    727 |      3 |      0 |    548 |   2 |  365.0 |
               +--------+--------+--------+--------+--------+-----+--------+

Top non-repeatable levels by time:
     D:1: 689 daAuts
     D:2: 41 daAuts
